 Dungeon Crawl Stone Soup version 0.29.0-3-gbb0933ed62 (webtiles) character file.

Game seed: 4580530873257087828

233 GigaChad the Grave Robber (level 5, -8/36 HPs)
             Began as a Vampire Necromancer on Aug 25, 2022.
             Was an Initiate of Ashenzari.
             Shot with an arrow by a centaur (12 damage)
             ... on level 5 of the Dungeon.
             The game lasted 00:13:31 (4057 turns).

GigaChad the Grave Robber (Vampire Necromancer)     Turns: 4057, Time: 00:13:32

Health: -8/36      AC:  2    Str:  7    XL:     5   Next: 74%
Magic:  10/10      EV: 13    Int: 18    God:    Ashenzari [......]
Gold:   257        SH:  0    Dex: 16    Spells: 9/10 levels left

rFire   . . .      SeeInvis +   j - +2 lajatang (spect)
rCold   . . .      Faith    .   (shield currently unavailable)
rNeg    . . .      Spirit   .   a - +0 robe
rPois   .          Reflect  .   (no helmet)
rElec   .          Harm     .   (no cloak)
rCorr   .          Rampage  .   (no gloves)
Will    .....                   (no boots)
Stlth   ++........              (no amulet)
HPRegen 0.32/turn               t - ring of flight
MPRegen 0.12/turn               (no ring)

@: flying, healing quickly
A: alive, fangs 3, see invisible, vampiric 2
a: Exsanguinate, Renounce Religion


You were on level 5 of the Dungeon.
You worshipped Ashenzari.
Ashenzari was noncommittal.
You visited 2 branches of the dungeon, and saw 6 of its levels.

You collected 257 gold pieces.

Inventory:

Hand Weapons
 d - a +0 dagger
 f - a +0 short sword
 j - a +2 spectral lajatang (weapon)
 q - a +0 hand axe
Armour
 a - a +0 robe (worn)
 m - a +0 plate armour
 p - a +1 scale mail
Magical Staves
 e - a staff of earth
Jewellery
 t - a ring of flight (left hand)
 w - a ring of resist corrosion
Wands
 l - a wand of mindburst (23)
 r - a wand of iceblast (11)
Scrolls
 c - 2 scrolls of blinking
 o - 2 scrolls of immolation
 u - a scroll of teleportation
 v - a scroll of vulnerability
 x - 2 scrolls of noise
 y - a scroll of identify
Potions
 b - a potion of magic
 g - 2 potions of haste {unknown}
 h - 4 potions of curing {unknown}
 i - a potion of heal wounds {unknown}
 k - a potion of lignification {unknown}
 n - 2 potions of ambrosia {unknown}
 s - 2 potions of might {unknown}
 z - a potion of mutation {unknown}
 A - 2 potions of invisibility {unknown}


   Skills:
 + Level 0.5 Fighting
 + Level 1.1 Short Blades
 + Level 1.1 Staves
 + Level 2.6 Dodging
 + Level 3.2 Stealth
 + Level 0.3 Unarmed Combat
 + Level 3.4 Spellcasting
 + Level 6.0 Necromancy


You had 9 spell levels left.
You knew the following spells:

 Your Spells              Type           Power      Damage    Failure   Level
a - Necrotise             Necr           96%        1d8       1%          1

Your spell library contained the following spells:

 Spells                   Type           Power      Damage    Failure   Level
 Vampiric Draining        Necr           24%        2d7       4%          3
 Animate Dead             Necr           24%        N/A       13%         4
 Agony                    Necr           24%        N/A       36%         5


Dungeon Overview and Level Annotations

Branches:
Dungeon (5/15)             Temple (1/1) D:4

Altars:
Ashenzari
Cheibriados
Dithmenos
Fedhas
Gozag
Hepliaklqana
Makhleb
Okawaru
Trog
Uskayaw
Xom
Yredelemnul


Innate Abilities, Weirdness & Mutations

Your natural rate of healing is accelerated.
You have razor-sharp teeth.
You have supernaturally acute eyesight. (SInv)
You are afflicted with vampirism and can become a bat while bloodless.


Message History

a +0 dagger; a +0 robe You swap places.
You now have 243 gold pieces (gained 16).
g - 2 purple potions (gained 1)
You start resting.
Your orc wizard skeleton crumbles into dust!
Magic restored.
Casting: Necrotise (safe; 1% risk of failure)
Confirm with . or Enter, or press ? or * to list all spells.
Aiming: Necrotise (safe; 1% risk of failure)
Press: ? - help, Shift-Dir - straight line Nothing appears to happen.
Casting: Necrotise (safe; 1% risk of failure)
Confirm with . or Enter, or press ? or * to list all spells.
Okay, then.
Found a wand of mindburst (17).
l - a wand of mindburst (24) (gained 17 charges)
Found a hand axe.
Found a stone staircase leading down.
Found 14 gold pieces.
There is a stone staircase leading down here.
You now have 257 gold pieces (gained 14).
A centaur comes into view.
The centaur moves out of view.
Found a bubbling blue potion.
The centaur shouts!
The centaur wields a +0 shortbow.
The centaur shoots an arrow.
The arrow misses you.
The centaur shoots an arrow.
The arrow barely misses you.
The centaur shoots an arrow.
The arrow hits you!
Aiming: Mindburst
Press: ? - help, Shift-Dir - straight line, f - centaur
Aim: a centaur, wielding a +0 shortbow (chance to affect: 64%)
The centaur struggles to resist.
The centaur shoots an arrow.
The arrow hits you!
The centaur shoots an arrow.
The arrow completely misses you.
The centaur shoots an arrow.
The arrow hits you!
* * * LOW HITPOINT WARNING * * *
The centaur shoots an arrow.
The arrow hits you!
You die...

#.# #......# #.#
#......# #.#
#......#####.#
#....!.#.....#
##......#.....#
........#.....#
.......c#.....#
...........@.>#
.#......#####.#
#.#.##.# #.# ..
..# #.# ## ...#
#.# ##..#
#.##############
#...
#...............
#...
#.###........###
#.#......###.#


You could see a centaur.

Vanquished Creatures
  A necrophage (D:4)
  2 orc wizards (D:5)
  2 gnolls (D:4)
  4 adders
  An ufetubus (D:4)
  A dart slug (D:4)
  7 orcs
  5 ball pythons
  4 bats
  2 endoplasms
  A giant cockroach (D:1)
  5 goblins
  4 hobgoblins
  3 quokkas
  4 frilled lizards
  2 kobolds
  9 rats
57 creatures vanquished.

Vanquished Creatures (collateral kills)
  A bat (D:3)
  A goblin (D:1)
2 creatures vanquished.

Grand Total: 59 creatures vanquished

Notes
Turn   | Place    | Note
-------+----------+-------------------------------------------
     0 | D:1      | GigaChad the Vampire Necromancer began the quest for the
                  | Orb.
     0 | D:1      | Reached XP level 1. HP: 13/13 MP: 3/3
   444 | D:1      | Reached XP level 2. HP: 19/19 MP: 1/5
   844 | D:1      | Found a faded altar of an unknown god.
   987 | D:2      | Reached skill level 5 in Necromancy
  1010 | D:2      | Gained mutation: You are afflicted with vampirism and can
                  | become a bat while bloodless. [Vampire growth]
  1010 | D:2      | Reached XP level 3. HP: 24/24 MP: 6/6
  1173 | D:2      | Reached skill level 1 in Short Blades
  2250 | D:3      | Identified a scroll of acquirement
  2250 | D:3      | Acquired a +2 spectral lajatang
  2882 | D:4      | Noticed a necrophage
  2890 | D:4      | Killed a necrophage
  2891 | D:4      | Reached XP level 4. HP: 29/30 MP: 6/8
  3101 | D:4      | Reached XP level 5. HP: 34/35 MP: 7/9
  3408 | D:4      | Found a staircase to the Ecumenical Temple.
  3432 | Temple   | Entered the Ecumenical Temple
  3641 | Temple   | Became a worshipper of Ashenzari the Shackled
  3914 | D:5      | Entered Level 5 of the Dungeon
  3936 | D:5      | Reached skill level 1 in Staves
  3939 | D:5      | Reached skill level 6 in Necromancy
  4050 | D:5      | Noticed a centaur
  4057 | D:5      | Shot with an arrow by a centaur

Illustrated notes

Levels and vault maps discovered:
D:1:      dpeg_arrival_connections, layout_basic, ebering_ecumenical_altar_hall
D:2:      layout_basic, grunt_decor_junction, grunt_decor_clamped
D:3:      layout_basic
D:4:      minmay_inner_zag, layout_gridville, minmay_temple_entry_junction_2
D:5:      layout_basic, minmay_hollow_rounded_squares, uniq_grinder,
          uniq_menkaure, uniq_crazy_yiuf_cottage
Temple:   mainiacjoe_temple_big_plus

Skill      XL: |  1  2  3  4  5 |
---------------+----------------+-----
Necromancy     | 5 6 |  6.0
Short Blades   | 1 |  1.1
Spellcasting   | 3 |  3.4
Staves         | 1 |  1.1
Fighting       | |  0.5
Dodging        | |  2.6
Stealth        | |  3.2
Unarmed Combat | |  0.3

Action                   |  1- 3 |  4- 6 || total
-------------------------+-------+-------++-------
Melee: Unarmed           |     9 |       ||     9
       Dagger            |     6 |       ||     6
       Short sword       |    32 |       ||    32
       Bite              |     3 |     1 ||     4
       Punch             |     1 |       ||     1
       Lajatang          |     9 |    18 ||    27
 Cast: Necrotise         |    48 |    25 ||    73
Evoke: Wand              |       |     1 ||     1
  Use: Scroll            |     7 |     2 ||     9
 Stab: Distracted        |     1 |       ||     1
Armor: Robe              |    16 |     1 ||    17
       Scale mail        |     4 |       ||     4
Dodge: Dodged            |    42 |    33 ||    75
